 Dungeon Crawl Stone Soup version 0.31-a0-848-gaac375c287 (webtiles) character file.

Game seed: 18070399456502199190

26306 CowFu the Grappler (level 12, -8/96 (111) HPs)
             Began as a Red Draconian Shapeshifter on Oct 4, 2023.
             Was an Elder of Hepliaklqana.
             Mangled by a spectral elephant (15 damage)
             ... on level 2 of the Lair of Beasts.
             The game lasted 00:30:26 (12309 turns).

CowFu the Grappler (Red Draconian Shapeshifter)    Turns: 12309, Time: 00:30:26

HP:   -8/96 (111)   AC:  2    Str: 32    XL:     12   Next: 97%
MP:   12/12         EV: 13    Int: 11    God:    Hepliaklqana [****..]
Gold: 2582          SH:  0    Dex: 14    Spells: 11/11 levels left

rFire   . .          .
                       - Unarmed
rCold   + . .        (shield currently unavailable)
rNeg    . . .        (body armour unavailable)
rPois   +            (helmet currently unavailable)
rElec   .            M - melded scarf {shadows}
rCorr   .            (gloves currently unavailable)
SInv    .            K - melded +1 pair of boots {Fly}
Will    +++..        F - amulet of regeneration
Stlth   +            y - ring of protection from cold
HPRegen 1.16/turn    L - ring of Iga Wevu {*Corrode rPois Will+++ Str+6 Dex+3}
MPRegen 0.13/turn

%: corrode self (3%)
@: snake-form, corroded, heavily drained
A: constrict, boosted hp, reduced essence, (breathe fire), AC +8, large,
unfitting armour, (fire resistance 1), (cold-blooded)
a: Begin Untransformation, Renounce Religion, Recall Ancestor, Ancestor
Identity, Transference, Idealise


You were on level 2 of the Lair of Beasts.
You worshipped Hepliaklqana.
Hepliaklqana was greatly pleased with you.
You were an enormous anaconda.
You visited 3 branches of the dungeon, and saw 14 of its levels.
You also visited: Sewer and Bailey.

You collected 2928 gold pieces.
You spent 346 gold pieces at shops.

Inventory:

Missiles
 u - 2 throwing nets
Armour
 K - a +1 pair of boots of flying (melded)
 M - a scarf of shadows (melded)
Jewellery
 g - a ring of protection from cold
 s - a ring of magical power
 v - an amulet of magic regeneration
 y - a ring of protection from cold (left hand)
 B - an amulet of reflection
 F - an amulet of regeneration (around neck)
 J - a ring of flight
 L - the ring of Iga Wevu (right hand) {*Corrode rPois Will+++ Str+6 Dex+3}
   (You acquired it in a bailey)

   [ring of strength]

   Str+6:     It affects your strength (+6).
   Dex+3:     It affects your dexterity (+3).
   rPois:     It protects you from poison Will+++: It greatly increases your
   willpower.
   *Corrode:  It may corrode you when you take damage.
 P - a +6 ring of intelligence
 T - a ring of ice
Talismans
 b - a beast talisman
 c - a flux talisman
 m - a serpent talisman (active)
Wands
 e - a wand of paralysis (6)
 l - a wand of polymorph (3)
 E - a wand of flame (15)
 H - a wand of light (8)
 N - a wand of mindburst (2)
 O - a wand of roots (6)
Scrolls
 d - 8 scrolls of teleportation
 f - 4 scrolls of enchant armour
 i - a scroll of amnesia
 j - 3 scrolls of butterflies
 o - 2 scrolls of immolation
 q - a scroll of fog
 t - 2 scrolls of vulnerability
 w - a scroll of poison
 z - 4 scrolls of revelation
 G - 4 scrolls of fear
 Q - 2 scrolls of identify
 R - 2 scrolls of enchant weapon {unknown}
Potions
 a - 3 potions of lignification
 h - 5 potions of mutation
 k - a potion of cancellation
 n - 4 potions of enlightenment
 p - 7 potions of attraction
 r - 3 potions of resistance
 A - 2 potions of degeneration
 C - 3 potions of magic
 D - 3 potions of heal wounds
 I - a potion of brilliance
 S - a potion of curing
 U - a potion of ambrosia {unknown}
Miscellaneous
 x - a tin of tremorstones (2/2)


   Skills:
 + Level 9.0 Fighting
 + Level 7.6 Dodging
 + Level 14.2 Unarmed Combat
 + Level 12.3 Shapeshifting


You had 11 spell levels left.
You didn't know any spells.
Your spell library contained the following spells:

 Spells                   Type           Power      Damage    Failure   Level
 Summon Small Mammal      Summ           0%         N/A       34%         1
 Ensorcelled Hibernation  Hex/Ice        0%         N/A       47%         2
 Jinxbite                 Hex            0%         N/A       47%         2
 Poisonous Vapours        Pois/Air       0%         N/A       47%         2
 Sublimation of Blood     Necr           0%         N/A       47%         2
 Wereblood                Tmut           0%         N/A       47%         2
 Call Canine Familiar     Summ           0%         N/A       71%         3
 Mephitic Cloud           Conj/Pois/Air  0%         N/A       71%         3
 Summon Guardian Golem    Hex/Summ       0%         N/A       71%         3
 Anguish                  Hex/Necr       0%         N/A       98%         4
 Olgreb's Toxic Radiance  Pois           0%         N/A       98%         4
 Freezing Cloud           Conj/Ice/Air   0%         6-21      100%        5
 Irradiate                Conj/Tmut      0%         3d11      100%        5
 Summon Hydra             Summ           0%         N/A       100%        7
 Discord                  Hex            0%         N/A       100%        8
 Ignition                 Fire           0%         3d3       100%        8


Dungeon Overview and Level Annotations

Branches:
Dungeon (11/15)            Temple (1/1) D:6            Lair (2/5) D:9
  Swamp (0/4) Lair:2          Orc (0/2) D:11          Sewer (visited)
 Bailey (visited)
  Snake: Lair:2-3    Spider: Lair:2-3

Altars:
Ashenzari
Cheibriados
Dithmenos
Elyvilon
Fedhas
Gozag
Hepliaklqana
Kikubaaqudgha
Makhleb
Nemelex Xobeh
Okawaru
Ru
Sif Muna
Trog
Uskayaw
Vehumet
Wu Jian
Xom
Yredelemnul
Zin
The Shining One

Shops:
D:1 *   D:2 *   D:6 !   D:7 :

Annotations:
D:10 2 transporters
Lair:1 3 runed translucent doors, GigaChad's ghost, journeyman FoFi


Innate Abilities, Weirdness & Mutations

You are an enormous anaconda.
You have a powerful constriction melee attack.
Your maximum health is increased.
Your armour is entirely melded.
You are incapable of wielding weapons or throwing items.
Your life essence is reduced to manifest your ancestor. (-10% HP)
((You can breathe blasts of fire.))
((Your fiery red scales are hard. (AC +8)))
You cannot fit into any form of body armour.
((Your flesh is heat resistant. (rF+)))
((You are cold-blooded and may be slowed by cold attacks.))


Message History

The spectral eight-headed hydra barely misses Centenhua.
The spectral eight-headed hydra bites Centenhua!
The spectral eight-headed hydra bites Centenhua. x2
The spectral eight-headed hydra bites Centenhua but does no damage.
The spectral eight-headed hydra bites Centenhua!
The spectral elephant tramples you!
You hold your ground!
The spectral elephant trunk-slaps you.
You feel drained.
You body-slam the spectral elephant!!
The spectral elephant is heavily damaged.
Centenhua hits the spectral eight-headed hydra with a +0 flail!
The spectral eight-headed hydra bites Centenhua.
Centenhua blocks the spectral eight-headed hydra's attack.
The spectral eight-headed hydra bites Centenhua. x2
Centenhua is destroyed!
The spectral elephant tramples you!
* * * LOW HITPOINT WARNING * * *
You hold your ground!
The spectral elephant trunk-slaps you but does no damage.
You hit the spectral elephant but do no damage.
The spectral elephant is heavily damaged.
You body-slam the spectral elephant!!
The spectral elephant is almost destroyed.
The spectral elephant barely misses you. x2
You hit the spectral elephant.
The spectral elephant is almost destroyed.
The spectral eight-headed hydra bites you!
* * * LOW HITPOINT WARNING * * *
The spectral eight-headed hydra barely misses you.
The spectral eight-headed hydra bites you!
* * * LOW HITPOINT WARNING * * *
You feel drained.
* * * LOW HITPOINT WARNING * * *
The spectral eight-headed hydra misses you.
The spectral eight-headed hydra barely misses you.
The spectral eight-headed hydra bites you but does no damage.
The spectral eight-headed hydra closely misses you.
The spectral eight-headed hydra bites you.
* * * LOW HITPOINT WARNING * * *
The spectral elephant tramples you!
You die...

.# ##.........####......# .##
#.........##.##.....## ..#
#..######.##........## .##
####P.#♣♣♣♣#.'....#.....#
..#####.#####♣§§♣###..##.....##
..........'#♣♣§§♣ ##.##.....##
#.#.#.P#####♣§§§♣♣ #####....P#
######## ♣♣§§Z.♣ #.....# #
♣...ZS♣♣ ##....## # ♣...♣..♣♣
#.....# # ♣~♣♣♣♣†.♣ ##...## #
♣.♣ ♣..♣♣ #P.### # ♣..♣♣..♣
##.# ♣......♣ #.# ♣♣....♣♣ #.#
♣..~~♣♣######.# ♣....♣#....#..#


You could see a spectral eight-headed hydra and a spectral elephant.

Vanquished Creatures
  Fannar (Lair:1)
  A hydra (D:8)
  Erica (D:11)
  A death knight (D:10)
  3 two-headed ogres
  A ghost crab (Lair:2)
  Urug (Lair:1)
  A skeletal warrior (D:9)
  An orc knight (Bailey)
  Joseph (D:7)
  2 cane toads (Lair:1)
  2 gargoyles
  3 freezing wraiths (D:10)
  2 rime drakes
  An unseen horror (D:8)
  3 komodo dragons (Lair:2)
  2 kobold demonologists (D:11)
  5 trolls
  A hornet (D:7)
  Prince Ribbit (D:6)
  Sigmund (D:2)
  A wyvern (D:8)
  A wraith (D:10)
  16 yaks
  A shadow (D:10)
  A vampire (D:11)
  3 wargs (D:11)
  A spectral cane toad (Lair:2)
  6 steam dragons
  4 water moccasins
  A sky beast (D:8)
  3 black bears
  7 orc warriors
  A black bear (shapeshifter) (D:8)
  An ogre (D:4)
  12 wolves
  3 ice beasts
  A boggart (D:9)
  2 centaurs
  2 kobold brigands
  4 bullfrogs
  A gnoll sergeant (D:11)
  A scorpion (D:5)
  4 wights (D:6)
  9 killer bees (D:9)
  3 howler monkeys
  An iron imp (D:4)
  2 jellies
  4 hounds
  5 orc priests
  2 sleepcaps
  16 orc wizards
  Robin (D:2)
  5 gnolls
  5 river rats
  13 adders
  A white imp (D:8)
  5 ufetubi
  3 worms
  A dart slug (D:3)
  51 orcs
  10 endoplasms
  12 giant cockroaches
  13 hobgoblins
  7 jackals
  30 kobolds
  6 quokkas
  14 ball pythons
  12 bats
  3 frilled lizards
  15 goblins
  5 rats
366 creatures vanquished.

Vanquished Creatures (collateral kills)
  2 centaur warriors (D:8)
  A two-headed ogre (D:8)
  2 cane toads (Lair:1)
  A gargoyle (D:11)
  2 komodo dragons
  An unseen horror (D:11)
  2 yaks
  A spectral komodo dragon (Lair:2)
  A spectral cane toad (Lair:2)
  A warg (D:11)
  An ogre (D:7)
  2 wolves (Lair:1)
  A killer bee (D:9)
  An orc priest (D:10)
  3 orc wizards (D:10)
  2 orcs (D:10)
  A kobold (D:9)
25 creatures vanquished.

Vanquished Creatures (others)
  3 ancestors (D:9)
  2 knights
5 creatures vanquished.

Grand Total: 396 creatures vanquished

Notes
Turn   | Place    | Note
-------+----------+-------------------------------------------
     0 | D:1      | CowFu the Draconian Shapeshifter began the quest for the
                  | Orb.
     0 | D:1      | Reached XP level 1. HP: 16/16 MP: 1/1
    87 | D:1      | Found Ekheopeh's Assorted Antiques.
   135 | D:1      | Reached XP level 2. HP: 17/23 MP: 2/2
   657 | D:2      | Reached XP level 3. HP: 26/29 MP: 3/3
   999 | D:2      | Found a glowing golden altar of the Shining One.
   999 | D:2      | Noticed Robin
  1234 | D:2      | Found Maakar's Assorted Antiques.
  1238 | D:2      | Bought a scroll labelled IRIUMU CANI for 23 gold pieces
  1238 | D:2      | Bought a scroll labelled IRIUMU CANI for 23 gold pieces
  1355 | D:2      | Killed Robin
  1357 | D:2      | Reached XP level 4. HP: 22/36 MP: 4/4
  1558 | D:2      | Noticed Sigmund
  1715 | D:2      | Killed Sigmund
  1716 | D:2      | Reached skill level 4 in Unarmed Combat
  1716 | D:2      | Reached XP level 5. HP: 30/41 MP: 5/5
  2041 | D:3      | Reached skill level 5 in Unarmed Combat
  2041 | D:3      | Reached XP level 6. HP: 45/48 MP: 6/6
  2377 | D:4      | Noticed a steam dragon
  2395 | D:4      | Found a snail-covered altar of Cheibriados.
  2397 | D:4      | Killed a steam dragon
  2398 | D:4      | Reached skill level 5 in Shapeshifting
  2427 | D:4      | Found an opulent altar of Gozag.
  2548 | D:4      | Your scales start taking on a fiery red colour.
  2548 | D:4      | Reached XP level 7. HP: 36/55 MP: 7/7
  2548 | D:4      | Gained mutation: Your flesh is heat resistant. (rF+) [Red
                  | Draconian growth]
  2610 | D:4      | Reached skill level 6 in Unarmed Combat
  2654 | D:4      | Found a glowing drain.
  2681 | Sewer    | Entered a sewer
  3687 | D:4      | Found a glowing golden altar of the Shining One.
  3687 | D:4      | Found a glowing silver altar of Zin.
  3687 | D:4      | Found a white marble altar of Elyvilon.
  4112 | D:5      | Entered Level 5 of the Dungeon
  4471 | D:5      | Reached skill level 7 in Unarmed Combat
  4878 | D:5      | Reached XP level 8. HP: 55/61 MP: 8/8
  4989 | D:6      | Found a staircase to the Ecumenical Temple.
  5002 | D:6      | Noticed Prince Ribbit
  5009 | Temple   | Entered the Ecumenical Temple
  5022 | Temple   | Became a worshipper of Hepliaklqana the Forgotten
  5041 | D:6      | Killed Prince Ribbit
  5129 | D:6      | Reached skill level 8 in Unarmed Combat
  5269 | D:6      | Reached skill level 9 in Unarmed Combat
  5411 | D:6      | Found Ceseap's Distillery.
  5416 | D:6      | Bought a potion of might for 44 gold pieces
  5416 | D:6      | Bought a potion of curing for 33 gold pieces
  5416 | D:6      | Bought a potion of curing for 33 gold pieces
  5416 | D:6      | Bought a potion of curing for 33 gold pieces
  5416 | D:6      | Bought a potion of resistance for 110 gold pieces
  5605 | D:1      | Bought a scroll labelled PUMINYPLON for 25 gold pieces
  5605 | D:1      | Bought an orange potion for 22 gold pieces
  5780 | D:7      | Found a flagged portal.
  5795 | D:7      | Found Ibym's Book Shop.
  5832 | Bailey   | Entered a bailey
  5844 | Bailey   | Noticed an orc knight
  5952 | Bailey   | Reached XP level 9. HP: 41/67 MP: 9/9
  5997 | Bailey   | Killed an orc knight
  5998 | Bailey   | Reached skill level 10 in Unarmed Combat
  6085 | Bailey   | Reached skill level 11 in Unarmed Combat
  6092 | Bailey   | HP: 2/67 [orc warrior/+0 war axe (14)]
  6267 | Bailey   | Identified 4 scrolls of acquirement
  6267 | Bailey   | Acquired the ring of Iga Wevu {*Corrode rPois Will+++ Str+6
                  | Dex+3}
  6330 | Bailey   | Acquired a scarf of shadows
  6337 | Bailey   | Acquired 920 gold pieces
  6339 | Bailey   | Acquired 963 gold pieces
  6531 | D:7      | Found a bloodstained altar of Trog.
  6648 | D:7      | Reached * piety under Hepliaklqana
  6656 | D:7      | Reached skill level 12 in Unarmed Combat
  6739 | D:7      | Identified the +8 short sword of Leynut {vamp, rElec Will+
                  | Stlth+}
  6787 | D:7      | Noticed Joseph
  6796 | D:7      | Killed Joseph
  6797 | D:7      | Reached XP level 10. HP: 42/65 MP: 10/10
  6798 | D:7      | Identified the +9 rapier of Amorality {drain, Str+4}
  7073 | D:8      | You are sucked into a shaft and drop 1 floor!
  7179 | D:9      | Found a staircase to the Lair.
  7466 | D:9      | Noticed a skeletal warrior
  7556 | D:9      | Reached skill level 10 in Shapeshifting
  7897 | D:9      | HP: 2/69 [skeletal warrior/+0 long sword (18)]
  8136 | D:8      | Reached XP level 11. HP: 75/75 MP: 11/11
  8448 | D:8      | Reached ** piety under Hepliaklqana
  8450 | D:8      | Remembered your ancestor Centenhua as a knight
  8580 | D:8      | Noticed a centaur warrior
  8587 | D:8      | Killed a centaur warrior
  8618 | D:8      | Noticed a two-headed ogre
  8623 | D:8      | Killed a two-headed ogre
  8624 | D:8      | Reached skill level 5 in Fighting
  8636 | D:8      | Noticed a seven-headed hydra
  8641 | D:8      | Killed a seven-headed hydra
  8643 | D:8      | Noticed a two-headed ogre
  8655 | D:8      | Noticed a centaur warrior
  8662 | D:8      | Killed a centaur warrior
  8668 | D:8      | Killed a two-headed ogre
  8669 | D:8      | Reached skill level 5 in Dodging
  9199 | D:9      | Killed a skeletal warrior
  9200 | D:9      | Reached skill level 13 in Unarmed Combat
  9245 | D:10     | Entered Level 10 of the Dungeon
  9520 | D:10     | Noticed a death knight
  9531 | D:10     | Killed a death knight
  9804 | D:10     | Noticed a two-headed ogre
  9811 | D:10     | Killed a two-headed ogre
  9812 | D:10     | Reached XP level 12. HP: 79/87 MP: 12/12
  9849 | D:10     | Found a transporter.
  9891 | D:10     | Found a transporter.
 10011 | D:10     | Reached *** piety under Hepliaklqana
 10496 | D:11     | Found a staircase to the Orcish Mines.
 10501 | D:11     | Noticed Erica
 10517 | D:11     | Killed Erica
 10751 | D:11     | Noticed a two-headed ogre
 10756 | D:11     | Killed a two-headed ogre
 10984 | Lair:1   | Entered Level 1 of the Lair of Beasts
 11034 | Lair:1   | Noticed Urug
 11039 | Lair:1   | Killed Urug
 11153 | Lair:1   | Noticed GigaChad's ghost (journeyman FoFi)
 11153 | Lair:1   | Noticed a boulder beetle
 11157 | Lair:1   | Found a runed translucent gate.
 11157 | Lair:1   | Found a runed translucent gate.
 11157 | Lair:1   | Found a runed translucent gate.
 11226 | Lair:1   | Noticed Fannar
 11235 | Lair:1   | Killed Fannar
 11267 | Lair:1   | Reached skill level 14 in Unarmed Combat
 11842 | Lair:2   | Reached **** piety under Hepliaklqana
 12285 | Lair:2   | Noticed a ghost crab
 12289 | Lair:2   | Killed a ghost crab
 12297 | Lair:2   | Found a staircase to the Swamp.
 12309 | Lair:2   | Mangled by a spectral elephant

Illustrated notes

Levels and vault maps discovered:
D:1:      dpeg_arrival_radiant, layout_rooms, serial_shops, shop
D:2:      layout_loops_ring, serial_shops, nicolae_shop_back_alley_shop,
          basic_altar, uniq_robin, uniq_sigmund
D:3:      minmay_bubble_buster, layout_basic
D:4:      layout_loops_ring, dreamdust_divine_triumvirate, grunt_gozag_statues,
          slow_altar_1, gup_sewer_entry_bowl, serial_bayou_pond_d,
          serial_bayou_lagoon_b
D:5:      layout_loops_ring
D:6:      cheibrodos_two_vegetables, layout_loops_corners,
          nicolae_overflow_crystal_walls, minmay_temple_entry_statues_fountains,
          serial_shops, nicolae_shop_real_fake_doors, minivault_22,
          minmay_misc_feat_more_columns, eino_small_chamber_without_monster,
          uniq_prince_ribbit1, uniq_pikel
D:7:      layout_basic, mainiacjoe_overflow_brackets, enter_bailey_6,
          serial_shops, shop, minmay_statues_item, uniq_joseph
D:8:      layout_basic, minmay_evil_grid
D:9:      layout_small_grid, hellmonk_lair_entry_icy, lightli_fourway_metalbox
D:10:     gammafunk_worm_tunnel, layout_stronghold, amcnicky_mini_pool_small
D:11:     layout_loops_ring, minmay_orc_entry_guard_dogs, glass_columns_b,
          uniq_erica
Temple:   regret_index_temple_waves
Lair:1:   layout_chaotic_city, gammafunk_ghost_split,
          chequers_serial_rivers_small_a, grunt_megastairs_3, uniq_fannar,
          uniq_urug
Lair:2:   layout_roguey, nicolae_swamp_entry_spooky, minmay_lindwurm_lava

Skill      XL: |  1  2  3  4  5  6  7  8  9 10 11 12 |
---------------+-------------------------------------+-----
Dodging        | 2 3 5 7 |  7.6
Fighting       | 2 4 6 9 |  9.0
Unarmed Combat | 4 5 7 9 12 13 14 | 14.2
Shapeshifting  | 4 5 6 7 8 10 11 12 | 12.3

Action                     |  1- 3 |  4- 6 |  7- 9 | 10-12 || total
---------------------------+-------+-------+-------+-------++-------
  Melee: Unarmed           |   140 |   119 |   422 |   472 ||  1153
         Tailslap          |    11 |    10 |    47 |    32 ||   100
         Punch             |     1 |     7 |     8 |       ||    16
         Constrict         |       |       |       |    59 ||    59
 Invoke: Recall Ancestor   |       |       |       |     2 ||     2
         Ancestor Life: Kn |       |       |       |     1 ||     1
Ability: Breathe Fire      |       |       |     1 |       ||     1
    Use: Scroll            |     1 |       |    19 |    12 ||    32
         Potion            |       |       |     5 |     9 ||    14
   Stab: Sleeping          |     1 |     1 |       |     2 ||     4
         Distracted        |       |       |       |     4 ||     4
 Armour: Skin              |    68 |    48 |   289 |   443 ||   848
  Dodge: Dodged            |    96 |    55 |   265 |   296 ||   712
   Form: Flux              |       |       |     2 |       ||     2
         Beast             |       |       |     1 |       ||     1
         Anaconda          |       |       |       |     1 ||     1

Table legend: (Time is in decaauts)
 A = Elapsed time spent in this place.
 B = Non-inter-level travel time spent in this place.
 C = Inter-level travel time spent in this place.
 D = Time resting spent in this place.
 E = Time spent auto-exploring this place.
 F = Levels seen in this place.
 G = Mean time per level.
                   A        B        C        D        E       F      G
               +--------+--------+--------+--------+--------+-----+--------+
         Total |  12340 |  11682 |    658 |      0 |   8324 |  16 |  771.2 |
       Dungeon |   9417 |   8795 |    622 |      0 |   6470 |  11 |  856.1 |
        Temple |     26 |      2 |     24 |      0 |      0 |   1 |   26.0 |
          Lair |   1296 |   1285 |     11 |      0 |   1067 |   2 |  648.0 |
         Sewer |   1089 |   1089 |      0 |      0 |    583 |   1 | 1089.0 |
        Bailey |    511 |    511 |      0 |      0 |    204 |   1 |  511.0 |
               +--------+--------+--------+--------+--------+-----+--------+

Top non-repeatable levels by time:
     D:9: 1272 daAuts
     D:2: 1149 daAuts
   Sewer: 1089 daAuts
    D:10: 1047 daAuts
     D:8: 883 daAuts
     D:5: 860 daAuts
     D:4: 828 daAuts
     D:7: 803 daAuts
     D:1: 789 daAuts
  Lair:1: 771 daAuts
    D:11: 674 daAuts
     D:3: 561 daAuts
     D:6: 546 daAuts
  Lair:2: 524 daAuts
  Bailey: 511 daAuts
